AoeStats
← Z4Ge

Arabia

510737158Analyzed
1v1 RM · 1d ago on Oct 2, 2026· 56m 2s· 2 players
Game mode
Random Map
Map size
Tiny (2 player)
Population
200
Speed
Normal
Resources
Standard
Victory
Conquest
Starting age
Dark Age
Ending age
Imperial Age
RankedLock teamsTeams togetherTeam positionsShared explorationLock speedFull tech treeHidden civsTurbo modeCheats
Victory
Defeat
🇦🇺 Huns · Australia
2084
+10
🇦🇷 Tupi · Argentina
1958
-10
[AirBo]空氣包
6:03 Loom
9:12 Feudal Age
9:44 Double-Bit Axe
16:57 Fletching
21:11 Castle Age
19:28 Fletching
19:59 Gold Mining
19:54 Horse Collar
20:36 Padded Archer Armor
21:14 Crossbowman
21:53 Bodkin Arrow
23:24 Bow Saw
24:57 Ballistics
25:50 Forging
27:18 Town Watch
31:45 Wheelbarrow
34:24 Champi Runner
35:05 Squires
35:49 Champi Warrior
36:49 Arson
38:14 Scale Mail Armor
39:13 Chain Mail Armor
41:45 Iron Casting
45:40 Imperial Age
46:29 Imperial Age
47:51 Plate Mail Armor
46:47 Elite Ibirapema Warrior
48:09 Elite Champi Warrior
Z4Ge
6:25 Loom
8:31 Feudal Age
9:48 Double-Bit Axe
11:12 Horse Collar
16:03 Fletching
21:01 Castle Age
19:12 Gold Mining
21:11 Wheelbarrow
22:00 Bow Saw
21:50 Bodkin Arrow
21:19 Elite Skirmisher
22:27 Padded Archer Armor
22:53 Town Watch
23:26 Leather Archer Armor
28:32 Ballistics
39:36 Bloodlines
41:58 Scale Barding Armor
41:54 Husbandry
43:49 Stone Mining
44:00 Heavy Plow
47:39 Imperial Age
47:09 Hand Cart
48:24 Bracer
49:25 Chemistry
49:26 Chain Barding Armor
50:42 Plate Barding Armor
50:33 Conscription
50:19 Heavy Cavalry Archer
51:04 Thumb Ring
51:35 Thumb Ring
51:56 Parthian Tactics
51:19 Light Cavalry
52:10 Forging
52:03 Hussar
53:17 Masonry
53:02 Murder Holes
55:58 Iron Casting
Connection lost

Rejoining the realm…

Still unreachable

The connection could not be restored.

Session expired

The server has moved on; the page needs a fresh start.